 Dungeon Crawl Stone Soup version 0.22.0 (webtiles) character file.

100 EvilAliv3 the Vexing (level 4, 0/25 HPs)
             Began as a Deep Elf Arcane Marksman on Aug 22, 2018.
             Slain by an orc
             ... wielding a +0 hand axe
              (3 damage)
             ... on level 2 of the Dungeon.
             The game lasted 00:13:24 (2698 turns).

EvilAliv3 the Vexing (Deep Elf Arcane Marksman)     Turns: 2698, Time: 00:13:25

Health: 0/25       AC:  3    Str:  7    XL:     4   Next: 47%
Magic:  9/9        EV: 13    Int: 18    God:
Gold:   126        SH:  0    Dex: 16    Spells: 4/8 levels left

rFire    . . .     SeeInvis .   b - +0 falchion
rCold    . . .     Gourm    .   (no shield)
rNeg     . . .     Faith    .   c - +0 leather armour
rPois    .         Spirit   .   (no helmet)
rElec    .         Reflect  .   (no cloak)
rCorr    .         Harm     .   (no gloves)
MR       .....                  (no boots)
Stlth    +.........             (no amulet)
HPRegen  0.08/turn              (no ring)
MPRegen  0.11/turn              (no ring)

@: no status effects
A: no striking features
a: no special abilities


You were on level 2 of the Dungeon.
You were not hungry.

You visited 1 branch of the dungeon, and saw 3 of its levels.

You collected 126 gold pieces.

Inventory:

Hand Weapons
 a - a +0 shortbow
 b - a +0 falchion (weapon)
Armour
 c - a +0 leather armour (worn)
 h - a +0 robe
Scrolls
 e - a scroll of amnesia {unknown}
 g - 2 scrolls of enchant weapon {unknown}
 k - 2 scrolls of identify {unknown}
 m - 2 scrolls of teleportation {unknown}
 o - a scroll of fear {unknown}
 q - a scroll of immolation {unknown}
Potions
 i - a potion of might {unknown}
 j - 2 potions of invisibility {unknown}
 l - a potion of degeneration {unknown}
 n - 2 potions of flight {unknown}
Comestibles
 f - 6 rations


   Skills:
 + Level 1.5 Fighting
 * Level 3.6 Bows
 + Level 3.2 Dodging
 + Level 2.6 Spellcasting
 + Level 4.5 Hexes


You had 4 spell levels left.
You knew the following spells:

 Your Spells              Type           Power        Failure   Level  Hunger
a - Corona                Hex            ###....      4%          1    #......
b - Portal Projectile     Hex/Tloc       ##....       30%         3    ###....

Your spell library contained the following spells:

 Spells                   Type           Power        Failure   Level  Hunger
 Cause Fear               Hex            ###.......   36%         4    #####..
 Slow                     Hex            ###.....     6%          2    ##.....
 Leda's Liquefaction      Hex/Erth       ##........   69%         4    #####..
 Inner Flame              Hex/Fire       ##......     30%         3    ###....


Dungeon Overview and Level Annotations

Branches:
Dungeon (3/15)

Altars:

Annotations:
D:3 Sigmund


Message History

The orc hits you with a hand axe.
* * * LOW HITPOINT WARNING * * *
You barely miss the orc.
The orc is severely wounded.
The orc barely misses you.
You hit the orc.
The orc is almost dead.
The orc misses you.
You barely miss the orc.
The orc is almost dead.
The orc stops glowing.
The orc barely misses you.
You completely miss the orc.
The orc is almost dead.
The orc hits you but does no damage.
You closely miss the orc.
The orc is almost dead.
The orc hits you with a hand axe.
* * * LOW HITPOINT WARNING * * *
The orc hits you with a hand axe.
You die...

######.#####'#####.# #......'....
'....#.#....o#####.# #.##...#....
####.#.#.#.........###.##...#....
# #.#.#.#...........#.##...#....
# #.#.#.#...........#.######....
# ##.#.#.#...........#.######....
# #..#.#.....#.#o#####......#....
# #.##.###.#...#o# #..###.####' #
#o##.........#@# #..o.#.# #.
###.##.###.#.#.#.######.#.#.####.
....#### #.#............#........
##########.###.#.#########.######
........##.....#.#.......#o######
#######.##..####.#.#####.#......#
<.# #..........#>#.....######.#
#.########..######.#...#......o.#
#........#..o....#.###.#####...##


You could see 2 orcs.

Vanquished Creatures
  A bullfrog zombie (D:3)
  A howler monkey zombie (D:2)
  An adder (D:3)
  An ooze (D:2)
  2 dart slugs (D:2)
  2 leopard geckos
  3 orcs
  3 giant cockroaches
  4 goblins
  4 hobgoblins
  A ball python (D:1)
  2 bats
  A frilled lizard (D:1)
  3 kobolds
  6 rats
35 creatures vanquished.

Notes
Turn   | Place    | Note
-------+----------+-------------------------------------------
     0 | D:1      | EvilAliv3 the Deep Elf Arcane Marksman began the quest for the Orb.
     0 | D:1      | Reached XP level 1. HP: 11/11 MP: 5/5
   408 | D:1      | Reached skill level 1 in Fighting
   453 | D:1      | Reached XP level 2. HP: 15/16 MP: 6/6
  1321 | D:2      | Reached XP level 3. HP: 20/20 MP: 8/8
  1535 | D:2      | Learned a level 3 spell: Portal Projectile
  1880 | D:3      | Reached XP level 4. HP: 10/25 MP: 7/9
  2107 | D:3      | Noticed Sigmund
  2363 | D:3      | Paralysed by an orc for 7 turns
  2374 | D:3      | Paralysed by an orc for 2 turns
  2437 | D:3      | Paralysed by an orc for 2 turns
  2698 | D:2      | Slain by an orc

Skill      XL: |  1  2  3 |
---------------+----------+-----
Fighting       | 1 |  1.5
Spellcasting   | 2 |  2.6
Bows           | 3 |  3.6
Dodging        | 3 |  3.2
Hexes          | |  4.5

Action                   |  1- 3 |  4- 6 || total
-------------------------+-------+-------++-------
Melee: Falchion          |    20 |    26 ||    46
 Fire: Shortbow          |    80 |    13 ||    93
 Cast: Corona            |    14 |    10 ||    24
  Eat: Chunk             |     3 |     1 ||     4
       Ration            |       |     1 ||     1
Armor: Robe              |     3 |       ||     3
       Leather armour    |     4 |    10 ||    14
Dodge: Dodged            |    31 |    27 ||    58
       Rpst.: Falchion   |    10 |     6 ||    16
